 Dungeon Crawl Stone Soup version 0.27-a0-1119-gbf574a6a6b (webtiles) character file.

Game seed: 1780488879807444175

19 Zeld the Grasshopper (level 2, -4/19 HPs)
             Began as an Octopode Warper on May 3, 2021.
             Slain by a hobgoblin (5 damage)
             ... on level 1 of the Dungeon.
             The game lasted 00:02:15 (1128 turns).

Zeld the Grasshopper (Octopode Warper)              Turns: 1128, Time: 00:02:15

Health: -4/19      AC:  1    Str: 10    XL:     2   Next: 75%
Magic:  0/5        EV: 13    Int: 15    God:
Gold:   21         SH:  0    Dex: 11    Spells: 3/5 levels left

rFire    . . .     SeeInvis .     - Unarmed
rCold    . . .     Faith    .   (no shield)
rNeg     . . .     Spirit   .   (helmet restricted)
rPois    .         Reflect  .   (no amulet)
rElec    .         Harm     .   (no ring)
rCorr    .         Rampage  .   (no ring)
Will     .....                  (no ring)
Stlth    ++........             (no ring)
HPRegen  0.06/turn              (no ring)
MPRegen  0.09/turn              (no ring)
                                (no ring)
                                (no ring)

@: no status effects
A: almost no armour, amphibious, 8 rings, camouflage 1, gelatinous body 1,
(nimble swimmer 1), tentacles
a: no special abilities


You were on level 1 of the Dungeon.
You visited 1 branch of the dungeon, and saw 1 of its levels.

You collected 21 gold pieces.

Inventory:

Missiles
 c - 2 stones (quivered)
Scrolls
 b - a scroll of blinking
Potions
 a - a potion of invisibility {unknown}
 d - a potion of lignification {unknown}


   Skills:
 + Level 2.2 Fighting
 * Level 1.6 Throwing
 + Level 2.5 Dodging
 - Level 2.0 Unarmed Combat
 + Level 2.1 Spellcasting
 * Level 3.2 Translocations


You had 3 spell levels left.
You knew the following spells:

 Your Spells              Type           Power      Damage    Failure   Level
a - Blink                 Tloc           N/A        N/A       9%          2

Your spell library contained the following spells:

 Spells                   Type           Power      Damage    Failure   Level
 Gell's Gravitas          Tloc           5%         N/A       17%         3
 Lesser Beckoning         Tloc           5%         N/A       17%         3
 Teleport Other           Tloc           11%        N/A       17%         3
 Manifold Assault         Tloc           11%        N/A       85%         5


Dungeon Overview and Level Annotations

Branches:
Dungeon (1/15)

Altars:

Shops:
D:1 !


Innate Abilities, Weirdness & Mutations

You cannot wear most types of armour.
You are amphibious.
You can wear up to eight rings at the same time.
Your skin changes colour to match your surroundings (Stealth+).
Your rubbery body absorbs attacks. (AC +1, EV +1)
((You are camouflaged near water. (Stealth+)))
You have tentacles for arms and can constrict up to eight enemies at once.


Message History

You see here a stone.
c - a stone The bat hits you but does no damage.
The bat barely misses you.
You see here a stone.
c - 2 stones (gained 1)
The bat hits you but does no damage. The jackal bites you.
The bat closely misses you. The jackal bites you.
* * * LOW HITPOINT WARNING * * *
The bat closely misses you. The bat hits you but does no damage.
The bat misses you. The bat barely misses you.
A hobgoblin comes into view.
The bat completely misses you. The bat barely misses you. The bat misses you.
The bat barely misses you. x2
The bat hits you.
* * * LOW HITPOINT WARNING * * *
The jackal closely misses you.
Blink to where?
Press: ? - help, Dir - move target, p - quokka
As you read the scroll of blinking, it crumbles to dust.
The bat hits you.
* * * LOW HITPOINT WARNING * * *
The bat barely misses you. The bat misses you.
You tentacle-slap the bat. You grab the bat.
The bat is severely wounded.
You constrict the bat.
You kill the bat!
The bat barely misses you. The bat hits you but does no damage.
You see here a bat corpse.
The bat misses you.
Casting: Blink (safe; 9% risk of failure)
Confirm with . or Enter, or press ? or * to list all spells.
You blink.
The jackal bites you.
* * * LOW HITPOINT WARNING * * *
The hobgoblin hits you.
You die...

#.# #.# #§# ## #†#
.. #b# ..# ##
#g####### #...####
#h................
#ghh...#...#.#...#
#@......#.#...#.#.
#.h..#...#.....#..
#.....#..#.....#..
#r.#...###.... ###
#...#..#..#.. ..#
#...r###...#.#...#
#...#...#...# ..#.
#..#.....#..# .#..
#.h.......#####...


You could see a quokka, 4 jackals, 2 hobgoblins, a bat and a rat.

Vanquished Creatures
  A dart slug (D:1)
  An endoplasm (D:1)
  2 giant cockroaches (D:1)
  2 hobgoblins (D:1)
  2 quokkas (D:1)
  A ball python (D:1)
  2 bats (D:1)
  A frilled lizard (D:1)
  3 goblins (D:1)
15 creatures vanquished.

Notes
Turn   | Place    | Note
-------+----------+-------------------------------------------
     0 | D:1      | Zeld the Octopode Warper began the quest for the Orb.
     0 | D:1      | Reached XP level 1. HP: 14/14 MP: 3/3
   118 | D:1      | Reached XP level 2. HP: 13/19 MP: 5/5
   280 | D:1      | Found Moyj's Distillery.
   322 | D:1      | Learned a level 2 spell: Blink
  1128 | D:1      | Slain by a hobgoblin

Illustrated notes

Levels and vault maps discovered:
D:1:      dpeg_arrival_chambers_temple_mockup, layout_rooms, serial_shops, shop,
          minmay_splitting_lines, serial_bayou_pond_e

Action                   || total
-------------------------++-------
Melee: Unarmed           ||    26
       Constrict         ||     9
       Tentacles         ||     6
Throw: Boomerang         ||     5
       Stone             ||    43
 Cast: Blink             ||     6
  Use: Scroll            ||     1
Armor: Skin              ||    18
Dodge: Dodged            ||    63

Table legend: (Time is in decaauts)
 A = Elapsed time spent in this place.
 B = Non-inter-level travel time spent in this place.
 C = Inter-level travel time spent in this place.
 D = Time resting spent in this place.
 E = Time spent auto-exploring this place.
 F = Levels seen in this place.
 G = Mean time per level.
                   A        B        C        D        E       F      G
               +--------+--------+--------+--------+--------+-----+--------+
         Total |   1130 |   1130 |      0 |    638 |    338 |   1 | 1130.0 |
       Dungeon |   1130 |   1130 |      0 |    638 |    338 |   1 | 1130.0 |
               +--------+--------+--------+--------+--------+-----+--------+

Top non-repeatable levels by time:
     D:1: 1130 daAuts
